 Dungeon Crawl Stone Soup version 0.27.1-35-g4d5d836560 (webtiles) character file.

Game seed: 5186549301304043019

0 sentinel the Sneak (level 1, 19/19 HPs)
             Began as a Palentonga Delver on Mar 26, 2022.
             Quit the game on level 3 of the Dungeon.
             The game lasted 00:00:32 (47 turns).

sentinel the Sneak (Palentonga Delver)                Turns: 47, Time: 00:00:32

Health: 19/19      AC:  4    Str: 15    XL:     1   Next: 0%
Magic:  1/1        EV:  9    Int: 10    God:
Gold:   0          SH:  0    Dex: 11    Spells: 0/0 levels left

rFire    . . .     SeeInvis +   a - +0 short sword
rCold    . . .     Faith    .   (no shield)
rNeg     . . .     Spirit   .   b - +0 leather armour
rPois    .         Reflect  .   (no helmet)
rElec    .         Harm     .   (no cloak)
rCorr    .         Rampage  .   (no gloves)
Will     .....                  (no barding)
Stlth    ++........             (no amulet)
HPRegen  0.06/turn              (no ring)
MPRegen  0.07/turn              (no ring)

@: no status effects
A: large, rugged brown scales 3, see invisible, deformed body, roll 1, armoured
tail
a: Rolling Charge


You were on level 3 of the Dungeon.
You visited 1 branch of the dungeon, and saw 3 of its levels.

Inventory:

Hand Weapons
 a - a +0 short sword (weapon)
Armour
 b - a +0 leather armour (worn)
Wands
 D - a wand of digging (1)
Scrolls
 e - a scroll of fear
 f - a scroll of fog
 u - a scroll of magic mapping
Potions
 c - a potion of haste


   Skills:
 + Level 3.0 Fighting
 + Level 2.0 Short Blades
 + Level 1.5 Dodging
 + Level 3.3 Stealth


You couldn't memorise any spells.
You didn't know any spells.
Your spell library was empty.

Dungeon Overview and Level Annotations

Branches:
Dungeon (5/15)
 Temple: D:4-7

Altars:
Hepliaklqana


Innate Abilities, Weirdness & Mutations

You are completely covered in rugged brown scales. (AC +3, +7% HP)
You have supernaturally acute eyesight. (SInv)
Armour fits poorly on your strangely shaped body.
You can roll at nearby foes to attack.
You have a long armoured tail.


Message History

Options error: Delay interrupt name "hungry" not recognised. (~/.crawlrc:32) Welcome, sentinel the Palentonga Delver.
It is said that the Orb of Zot exists deep within this dungeon.
Found a ring mail.
Found two stone staircases leading down.
You open the door.
Found a hazy altar of Hepliaklqana.
There is an open door here.
You open the door.
Found 17 gold pieces.
Found a mace and 39 gold pieces.
There is an open door here.
Found 58 gold pieces.
Found 14 gold pieces.
Found a stone staircase leading up.
A hound comes into view.
The hound barks!
The hound bites the fungus.
The fungus begins to die.
The hound bites the fungus.
The fungus begins to die.
The hound bites the fungus.
The hound pauses to sniff the ground.
The hound bites the fungus. x2
The hound bites the fungus.
Found 14 gold pieces.
A nearby fungus withers and dies.
There is a stone staircase leading up here.
A nearby fungus withers and dies.
The hound bites the fungus.
The fungus begins to die.
You climb upwards.
Found 18 stones.
There is a stone staircase leading down here.
Please select a direction to dig.
A stone staircase leading down.
The rock shatters into small pieces.
Found 15 bolts.
Please select a direction to dig.
A stone staircase leading down.
The rock shatters into small pieces.
Found 8 gold pieces.
A goblin comes into view. It is wielding a +0 club.
You see here 18 stones.
Found a scroll of magic mapping.
Found 5 gold pieces.
Found a stone staircase leading up.
You see here a scroll of magic mapping.
u - 2 scrolls of magic mapping (gained 1)
A kobold comes into view. It is wielding a +0 club.
There is a stone staircase leading up here.
You climb upwards.
There is a stone staircase leading down here.
As you read the scroll of magic mapping, it crumbles to dust.
You feel aware of your surroundings.
You sensed 2 altars.
Okay, then.
Okay, then.
Unknown command.
Unknown command.
Unknown command.
Unknown command.

******,*,*,,****,***,*
,,,,,,,,***,* #...,,*
******,,,*,** #..#***
*,,*,,,* #..# *,,***,*
#..# ******,,* *,*
#..# ,,,,,,,,* *,*
#..#
*****,,,*##.####..#
*,,,*......l@.#
**,,,,........##
****,,,,*...######
,,,,,,,,*.,,*
****,,,**,,,*
*****,***,,,*
,,,,,,,,,,,,*
,,,,,,***,,**
,********,,*


You could see a frilled lizard.

Vanquished Creatures (others)
  2 fungi (D:5)
2 creatures vanquished.

Notes
Turn   | Place    | Note
-------+----------+-------------------------------------------
     0 | D:5      | sentinel the Palentonga Delver began the quest for the Orb.
     0 | D:5      | Reached XP level 1. HP: 19/19 MP: 1/1
     1 | D:5      | Found a hazy altar of Hepliaklqana.
     9 | D:5      | Noticed a hound
    47 | D:3      | Quit the game

Illustrated notes

Levels and vault maps discovered:
D:3:      wander_river, layout_loops_ring, lemuel_tele_altar,
          pdpol_wu_jian_five_deadly_venoms, grunt_decor_fettered, hex_tiny,
          goddamned_bats
D:4:      layout_basic, vehumet_crystals, serial_shops, nicolae_shop_stone,
          nicolae_shop_waterfront, nicolae_shop_window_shopping,
          uniq_crazy_yiuf_cottage, uniq_eustachio
D:5:      layout_loops_cross, dancing_weapons_uskayaw,
          yredelemnul_altar_generic, kennysheep_little_box, ebering_ghost_gozag,
          minmay_gold_behind_fungi

Action                   || total
-------------------------++-------
Evoke: Wand              ||     2
  Use: Scroll            ||     1
